 Dungeon Crawl Stone Soup version 0.13.0-59-g13bd910 (webtiles) character file.

341944 M4edhros the Blocker (level 22, -18/138 HPs)
             Began as an Octopode Artificer on Nov 19, 2013.
             Was the Champion of Fedhas.
             Killed from afar by a deep troll earth mage (20 damage)
             ... with a blast of rock fragments
             ... on Level 25 of the Dungeon on Nov 20, 2013.
             The game lasted 06:57:30 (68511 turns).

M4edhros the Blocker (Octopode Artificer)          Turns: 68511, Time: 06:57:31

HP -18/138       AC  4     Str 13      XL: 22   Next:  1%
MP   8/36        EV 22     Int 30      God: Fedhas [******]
Gold 458         SH 33     Dex 21      Spells: 11 memorised,  5 levels left

Res.Fire  : + + .   See Invis. : +   k - +5,+6 elf short sword (elec)
Res.Cold  : . . .   Warding    : .   c - +3 shield {reflect}
Life Prot.: . . .   Conserve   : +   d - +2 cap {Int+3}
Res.Poison: .       Res.Corr.  : .   i - amulet "Utsism" {Cons Dex-4 Int+2}
Res.Elec. : +       Clarity    : .   L - ring of Peufiy {Str+3 Dex+1 SInv}
Sust.Abil.: . .     Spirit.Shd : .   s - ring of invisibility
Res.Mut.  : .       Stasis     : .   H - +5,+6 ring of slaying
Res.Rott. : .       Flight     : .   Z - +6 ring of dexterity
Saprovore : . . .                    J - ring of wizardry
                                     j - +6 ring of intelligence
                                     o - ring of sustenance
                                     C - ring of sustenance

@: regenerating, about to teleport, studying Conjurations, very slightly
contaminated, quick, quite resistant to hostile enchantments, extraordinarily
stealthy
A: almost no armour, amphibious, 8 rings, constrict 8, camouflage 1, blurry
vision 1, fire resistance 2, speed 1, electricity resistance, AC +2, Int -2, Dex
+2
a: Evolution, Sunlight, Growth, Reproduction, Rain, Renounce Religion, Evoke
Invisibility
}: 2/15 runes: decaying, serpentine


You were on level 25 of the Dungeon.
You worshipped Fedhas.
Fedhas was exalted by your worship.
You were not hungry.

You visited 7 branches of the dungeon, and saw 51 of its levels.
You visited the Abyss 2 times.
You also visited: Trove, Bailey and Wizlab.

You collected 4638 gold pieces.
You spent 4200 gold pieces at shops.

Inventory:

Hand weapons
 a - a +4,+3 demon whip of flaming
 k - a +5,+6 elven short sword of electrocution (weapon)
 M - the +9 blowgun of Armageddon {speed, +Blink +Inv rElec}
   (You found it on level 3 of the Elven Halls)

   Attacks with this weapon take half as long, but cause slightly less damage.
   It insulates you from electricity.
   It lets you turn invisible.
   It lets you blink.
Missiles
 I - 7 curare-tipped needles
Armour
 c - a +3 shield of reflection (worn)
 d - a +2 cap of intelligence (worn)
Magical devices
 e - a wand of draining (6)
 u - a wand of disintegration (11)
 x - a wand of teleportation (4)
 y - a wand of fire (8)
 E - a wand of heal wounds (5)
Comestibles
 w - 43 sultanas
 A - a rotting chunk of orc flesh
 G - 8 bread rations
 O - a chunk of yaktaur flesh
Scrolls
 b - 3 scrolls of fear
 t - 7 scrolls of identify
 B - a scroll of magic mapping
 K - a scroll of blinking
 Y - 3 scrolls of teleportation
Jewellery
 f - an uncursed ring of protection from fire
 i - the amulet "Utsism" (around mantle) {Cons Dex-4 Int+2}
   (You found it on level 3 of the Elven Halls)

   [amulet of conservation]

   It affects your intelligence (+2).
   It affects your dexterity (-4).
 j - a +6 ring of intelligence (on tentacle)
 m - an uncursed amulet of resist mutation
 o - a ring of sustenance (on tentacle)
 s - a ring of invisibility (right tentacle)
 v - an uncursed ring of protection from cold
 C - a ring of sustenance (on tentacle)
 H - a +5,+6 ring of slaying (on tentacle)
 J - a ring of wizardry (on tentacle)
 L - the ring of Peufiy (left tentacle) {Str+3 Dex+1 SInv}
   (You found it on level 3 of the Elven Halls)

   [ring of strength]

   It affects your strength (+3).
   It affects your dexterity (+1).
   It enhances your eyesight.
 P - an uncursed amulet of rage
 Q - an uncursed amulet of clarity
 V - an uncursed ring of teleport control
 Z - a +6 ring of dexterity (on tentacle)
Potions
 g - 3 potions of curing
 l - a potion of resistance
 p - a potion of speed
 X - a potion of magic
Books
 r - a book of the Dragon

   Spells                             Type                      Level
   Flight                             Charms/Air                   3
   Cause Fear                         Hexes                        4
   Bolt of Fire                       Conjuration/Fire             6
   Dragon Form                        Transmutation                7
   Summon Dragon                      Summoning                    9
 S - a manual of Conjurations
Miscellaneous
 h - a disc of storms
 n - a fan of gales
 q - a stone of tremors
 z - a sack of spiders
 D - a stone of tremors
 N - a lamp of fire
 R - a fan of gales
 T - a lamp of fire
Rods
 U - a +0 rod of venom (13/13)
   (You found it on level 20 of the Dungeon)
 W - a +1 rod of warding (10/10)
   (You found it on level 5 of the Lair of Beasts)


   Skills:
 - Level 8.0 Fighting
 - Level 11.6 Short Blades
   Level 6.1 Slings
 - Level 10.7 Dodging
 + Level 15.7 Stealth
 - Level 18.0 Shields
 + Level 10.1 Spellcasting
 + Level 12.2 Conjurations
 * Level 6.8 Charms
 - Level 11.0 Transmutations
 + Level 14.2 Earth Magic
 + Level 6.8 Poison Magic
 + Level 11.9 Invocations
 + Level 13.7 Evocations


You had 5 spell levels left.
You knew the following spells:

 Your Spells              Type           Power        Failure   Level  Hunger
a - Swiftness             Chrm/Air       #####.....   1%          2    None
b - Regeneration          Chrm/Necr      #####.....   1%          3    None
c - Lee's Rapid Deconstr  Erth           #######...   1%          5    ##.....
d - Mephitic Cloud        Conj/Pois/Air  ######..     1%          3    None
e - Conjure Flame         Conj/Fire      ######..     1%          3    None
f - Recall                Summ/Tloc      N/A          4%          3    None
g - Statue Form           Trmt/Erth      ######....   1%          6    #####..
h - Iron Shot             Conj/Erth      #######...   1%          6    #####..
i - Repel Missiles        Chrm/Air       #####.....   1%          2    None
j - Stoneskin             Trmt/Erth      ######....   1%          2    None
k - Apportation           Tloc           ###.......   1%          1    None


Dungeon Overview and Level Annotations

Branches:
Dungeon (25/27)            Temple (1/1) D:7             Orc (4/4) D:11
    Elf (3/3) Orc:3          Lair (8/8) D:13          Swamp (5/5) Lair:4
  Snake (5/5) Lair:3        Slime (0/6) Lair:6       Vaults (0/5) D:17

Altars:
Ashenzari
Cheibriados
Elyvilon
Fedhas
Kikubaaqudgha
Makhleb
Nemelex Xobeh
Okawaru
Sif Muna
Trog
Vehumet
Xom
Yredelemnul
Zin
the Shining One
Jiyva

Shops:
D:22 /((}!   Orc:1 ++[+(   Orc:4 [([?(+[*   Elf:1 =   Elf:2 *   Snake:4 =

Portals:
Hell: D:21 D:22 D:23 D:24 D:25
Abyss: D:23 D:24
Pandemonium: D:22 D:23 D:24*

Annotations:
D:7 exclusions: 2 killer bees and 3 more exclusions
Swamp:5 Mara


Innate Abilities, Weirdness & Mutations

You cannot wear most types of armour.
You are amphibious.
You can wear up to eight rings at the same time.*
You can use your tentacles to constrict many enemies at once.*
Your skin changes colour to match your surroundings (Stlth).*
Your rubbery body absorbs attacks (AC +1).*
You are partially covered in icy blue scales (AC +1).*
You are agile. (Dex +2)
Your vision is a little blurry.
You are dopey. (Int -2)
Your flesh is very heat resistant.*
You cover ground quickly.*
You are resistant to electric shocks.*


Message History

Zapping:
x - a wand of teleportation (5)
Press: ? - help, Shift-Dir - straight line, f - you You feel strangely unstable.
This wand has 4 charges left.
The yaktaur captain shoots a bolt.
The bolt hits you! You block the reaper's attack. The deep troll bites you!
* * * LOW HITPOINT WARNING * * *
The deep troll claws you!
* * * LOW HITPOINT WARNING * * *
You block the deep troll's attack.
Read which item? (? for menu, Esc to quit)
Blink to where?
Press: ? - help, Dir - move target cursor
As you read the scroll of blinking, it crumbles to dust.
The fire giant gestures at you while chanting.
The fireball explodes!
The fireball engulfs you! You resist.
* * * LOW HITPOINT WARNING * * *
The deep troll earth mage mumbles some strange words.
The wall shatters!
The blast of rock fragments hits you!
You die...
Fedhas appreciates your contribution to the ecosystem.

.. ...##
..T.## .....#
. ###....###
##. #.#T..#.@#
?'..#'#..##..#
##...c.T.#.###
......L2.§T#
#####o.C.##
#...#C #...'!#
#...#.#
....###


You could see a fire giant and 2 deep troll earth magi.

Vanquished Creatures
  Saint Roka (D:22)
  Boris (D:22)
  Margery (D:21)
  Norris (Elf:3)
  Jory (D:22)
  Xtahua (Snake:5)
  Frederick (D:24)
  A bone dragon (D:21)
  A Cloud Mage (WizLab)
  2 liches
  A deep elf master archer (Elf:3)
  A storm dragon (D:23)
  Rupert (Lair:6)
  A sphinx (D:22)
  Agnes (Swamp:2)
  Kirke (Snake:4)
  2 azure jellies (D:24)
  An orc warlord (Orc:4)
  Donald (Swamp:3)
  4 frost giants
  Wiglaf (D:22)
  4 tentacled starspawn (Abyss:1)
  2 deep elf sorcerers
  Louise (Snake:4)
  2 stone giants
  6 greater nagas
  3 deep elf demonologists
  4 deep elf annihilators (Elf:3)
  Azrael (Snake:4)
  2 deep elf death magi (Elf:3)
  3 death oozes (D:24)
  Snorg (Swamp:2)
  3 ettins
  A vault guard (D:13)
  A dragon (Swamp:5)
  5 salamanders
  11 hydras
  7 yaktaur captains
  Fannar (Elf:2)
  Harold (D:14)
  Josephine (D:16)
  5 great orbs of eyes
  A ravenous item mimic (D:19)
  An anaconda (shapeshifter) (Elf:2)
  10 anacondas
  A spectral elf (Elf:3)
  Erica (D:15)
  A ravenous feature mimic (Trove)
  11 ogre magi
  7 alligators
  3 deep troll shamans (D:24)
  3 deep troll earth magi
  4 death yaks
  The ghost of Chiseanne the Nimble, a powerful GrMo of Makhleb (D:13)
  A rakshasa (D:17)
  7 orc high priests
  2 wretched stars (Abyss:1)
  14 naga warriors
  2 thrashing horrors (Abyss:1)
  A hell hog (Abyss:1)
  Nergalle (Lair:3)
  13 centaur warriors
  3 very ugly things (D:23)
  12 hell knights
  2 sun demons (Abyss:1)
  A soul eater (D:24)
  A catoblepas (D:16)
  9 deep elf knights
  14 skeletal warriors
  A storm dragon skeleton (D:21)
  An ice devil (Abyss:1)
  A shadow demon (Abyss:1)
  8 unseen horrors
  8 deep trolls
  9 hill giants
  A giant amoeba (D:22)
  4 flayed ghosts
  An ice statue (Elf:3)
  A wizard (D:17)
  2 giant orange brains (Abyss:1)
  6 large abominations (Abyss:1)
  2 wandering mushrooms
  12 deep elf conjurers
  4 swamp dragons
  Joseph (Lair:1)
  A wolf spider (D:23)
  A stone giant zombie (D:20)
  A shadow dragon skeleton (D:23)
  10 griffons
  2 necromancers
  3 cyclopes
  3 red wasps
  16 orc knights
  9 orc sorcerers
  4 frost giant skeletons
  A cyclops (shapeshifter) (D:20)
  2 spiny worms
  6 elephants (Lair:8)
  12 stone giant skeletons
  4 guardian serpents (Snake:5)
  2 fire giant skeletons (D:21)
  33 black mambas
  2 sixfirhies
  12 naga magi
  8 deep elf summoners
  16 spiny frogs
  4 vapours (WizLab)
  A black mamba (shapeshifter) (Elf:3)
  4 orange demons
  10 wolves
  Psyche (Orc:3)
  20 yaktaurs
  An iron devil (D:24)
  6 smoke demons
  12 fire drakes
  10 komodo dragons
  7 hellwings
  A demonic crawler (Elf:1)
  A jumping spider (Lair:4)
  A grey draconian skeleton (Abyss:1)
  A spriggan (shapeshifter) (D:21)
  A redback skeleton (D:21)
  2 iron troll skeletons
  9 trolls
  6 deep elf priests
  16 two-headed ogres
  3 blue devils
  3 ancient zymes (Abyss:1)
  Sonja (D:16)
  11 fire vortices (D:25)
  6 polar bears
  5 giant leeches
  34 ugly things
  A wolf spider simulacrum (D:20)
  3 boulder beetles
  4 baby alligators (Swamp:3)
  A queen bee (shapeshifter) (D:17)
  9 blink frogs
  A griffon zombie (D:14)
  A fire giant simulacrum (D:19)
  A raven (shapeshifter) (D:15)
  53 slime creatures
  2 ettin skeletons (D:21)
  10 grizzly bears (Lair:8)
  2 trapdoor spiders
  2 redbacks
  A stone giant simulacrum (D:20)
  A shadow (D:15)
  7 brown oozes (D:24)
  A griffon (shapeshifter) (D:21)
  2 basilisks
  4 fire elementals (Snake:4)
  3 wyverns
  15 water elementals
  26 deep elf magi
  31 air elementals (WizLab)
  A dragon (shapeshifter) (D:21)
  4 hungry ghosts
  17 deep elf fighters
  A wraith (D:15)
  53 yaks
  9 hippogriffs
  2 hill giant skeletons (D:16)
  A vampire (D:22)
  2 hogs (Snake:4)
  2 chaos spawn
  A yellow wasp (Lair:5)
  11 sharks
  25 vampire mosquitoes
  A neqoxec (Elf:2)
  44 swamp worms
  24 electric eels
  2 manticores
  2 steam dragons (Swamp:5)
  A hell hound (Snake:4)
  9 swamp drakes
  63 nagas
  An orange crystal statue (Lair:8)
  5 mottled dragons
  6 deep troll skeletons
  6 small abominations (Abyss:1)
  5 freezing wraiths
  3 ice beasts
  66 orc warriors
  11 porcupines
  6 black bears
  2 sky beasts
  12 centaurs
  44 ogres
  10 crocodiles
  A phantom (D:3)
  A boring beetle (Lair:6)
  11 giant goldfish
  A boring beetle (shapeshifter) (D:15)
  A hill giant simulacrum (D:16)
  16 giant slugs
  2 lava worms
  4 wargs
  18 giant frogs
  4 big kobolds
  32 water moccasins
  3 agate snails
  A cyclops skeleton (D:14)
  3 eyes of draining
  18 killer bees
  A human (shapeshifter) (D:21)
  9 lava fish
  11 wights
  A yak skeleton (D:8)
  3 goliath beetles
  8 crimson imps
  23 jellyfish
  A yaktaur simulacrum (D:20)
  19 big fish
  11 starcursed masses (Abyss:1)
  10 lava snakes
  A quasit (D:10)
  An iron imp (Elf:2)
  28 orc priests
  6 iguanas
  33 orc wizards
  A giant slug simulacrum (D:16)
  7 jellies
  3 scorpions
  A spider (D:10)
  6 worker ants
  A cyclops simulacrum (D:16)
  2 basilisk skeletons
  9 hounds
  An orange rat (Elf:1)
  8 spectral orcs (Lair:3)
  22 sheep
  An ogre skeleton (D:11)
  2 big kobold skeletons (D:13)
  A mottled dragon skeleton (D:16)
  4 mummies
  62 adders
  52 green rats
  A lemure (Abyss:1)
  6 giant centipedes
  3 giant mites
  A gnoll (D:7)
  An inept feature mimic (D:2)
  An ufetubus (Abyss:1)
  6 worms
  2 giant eyeballs
  7 giant geckos
  9 oozes
  240 orcs
  15 bats
  A bat skeleton (D:4)
  5 giant cockroaches
  19 goblins
  24 hobgoblins
  13 jackals
  27 kobolds
  10 quokkas
  5 ball pythons
  A giant gecko skeleton (D:9)
  6 giant newts
  3 giant spores
  7 orc skeletons (Orc:4)
  3 quokka skeletons
  17 rats
  A rat skeleton (D:8)
  A rat zombie (D:7)
  A ballistomycete (D:6)
  A plant (Orc:4)
  2 starspawn tentacles (Abyss:1)
  A starspawn tentacle segment (Abyss:1)
  2 toadstools
2145 creatures vanquished.

Vanquished Creatures (collateral kills)
  Mennas (Snake:5)
  A deep elf blademaster (Elf:3)
  2 deep elf master archers (Elf:3)
  8 deep elf sorcerers (Elf:3)
  Aizul (Swamp:5)
  A fire giant (D:25)
  4 greater nagas (Snake:5)
  A stone giant (D:25)
  3 deep elf demonologists (Elf:3)
  9 deep elf annihilators (Elf:3)
  2 deep elf death magi (Elf:3)
  The ghost of KilgoreWolfe the Basher, a powerful GrBe of Trog (Snake:1)
  An ettin (Orc:4)
  A yaktaur captain (D:25)
  3 deep elf high priests (Elf:3)
  2 hydras
  3 anacondas (Snake:5)
  An alligator (Swamp:5)
  A deep troll earth mage (D:25)
  A wretched star (Abyss:1)
  An orc high priest (Orc:4)
  3 naga warriors
  2 death yaks (Lair:5)
  A spectral elf (Elf:3)
  A thrashing horror (Abyss:1)
  A catoblepas (Lair:8)
  A very ugly thing (Abyss:1)
  A storm dragon skeleton (D:21)
  A skeletal warrior (D:21)
  2 orc knights
  A large abomination (Abyss:1)
  A deep elf knight (Elf:3)
  A flayed ghost (D:18)
  A hill giant (D:10)
  A harpy (shapeshifter) (D:22)
  5 deep elf conjurers (Elf:3)
  2 orc sorcerers (Orc:4)
  7 black mambas
  A stone giant skeleton (D:21)
  A spiny frog (Lair:5)
  4 guardian serpents (Snake:5)
  3 yaktaurs (D:25)
  A hellwing (Orc:4)
  3 smoke demons (Abyss:1)
  A komodo dragon (D:13)
  4 naga magi
  A small abomination (Elf:3)
  2 two-headed ogres
  A swamp drake (Swamp:5)
  2 trolls (D:12)
  A red devil (Elf:3)
  A giant firefly (shapeshifter) (D:25)
  7 wandering mushrooms
  A hell beast (Elf:3)
  A deep elf priest (Elf:3)
  2 polar bears
  A blue devil (Elf:3)
  3 killer bees
  A basilisk (Lair:8)
  4 blink frogs
  4 deep elf magi (Elf:3)
  A griffon skeleton (D:16)
  A grizzly bear (Lair:8)
  A water elemental (D:15)
  An air elemental (WizLab)
  4 slime creatures
  8 ugly things
  2 hippogriffs
  4 yaks
  A wyvern (Lair:7)
  4 deep elf fighters (Elf:3)
  A neqoxec (Elf:3)
  2 hill giant skeletons
  A soldier ant (D:10)
  15 nagas
  An ice beast (D:9)
  A deep troll skeleton (D:21)
  11 orc warriors
  A freezing wraith (D:25)
  2 ogres
  A lost soul (Elf:3)
  A centaur (D:19)
  A boring beetle (shapeshifter) (Elf:3)
  2 wargs (D:11)
  2 giant slugs
  A big kobold (D:9)
  A brain worm (D:10)
  6 water moccasins
  A manticore skeleton (D:12)
  A cyclops skeleton (D:16)
  A boulder beetle zombie (D:19)
  A lava fish (Swamp:5)
  A yak skeleton (D:12)
  A jelly (D:8)
  2 quasits (Elf:3)
  3 starcursed masses (Abyss:1)
  A crimson imp (D:5)
  An iron imp (Abyss:1)
  5 orc priests (Orc:4)
  11 orc wizards
  A boulder beetle simulacrum (D:17)
  6 adders
  A white imp (D:12)
  2 ufetubi
  22 orcs
  A giant cockroach (D:5)
  A goblin (D:10)
  A hobgoblin (D:9)
  7 giant spores
  A jackal zombie (D:5)
  5 kobolds
  13 orc skeletons (Orc:4)
  3 orc zombies (Orc:4)
  2 spectral orcs (Lair:3)
  2 toadstools
304 creatures vanquished.

Vanquished Creatures (others)
  9 oklob plants
  2 hydras (Swamp:5)
  A hyperactive ballistomycete (Elf:3)
  2 fire vortices (D:25)
  A red wasp zombie (D:19)
  8 fire elementals
  9 bog bodies
  A giant leech (Swamp:5)
  A spiny worm zombie (D:19)
  2 steam dragons (Swamp:5)
  2 swamp worms (Swamp:5)
  2 earth elementals (Abyss:1)
  A mottled dragon (Swamp:5)
  A small abomination (Abyss:1)
  A necrophage (Abyss:1)
  A naga (Snake:2)
  A warg (D:22)
  A jellyfish (D:25)
  A soldier ant zombie (D:13)
  A spider (Elf:3)
  A brain worm zombie (Abyss:1)
  A lemure (Elf:3)
  An ufetubus (Abyss:1)
  An orc skeleton (Orc:4)
  5 orcs
  6 giant spores
  79 wandering mushrooms
  A ballistomycete (Orc:4)
  17 fungi
  15 plants
  10 starspawn tentacles (Abyss:1)
  88 starspawn tentacle segments (Abyss:1)
  1183 toadstools
1456 creatures vanquished.

Grand Total: 3905 creatures vanquished

Notes
Turn   | Place    | Note
--------------------------------------------------------------
     0 | D:1      | M4edhros, the Octopode Artificer, began the quest for the Orb.
     0 | D:1      | Reached XP level 1. HP: 14/14 MP: 1/1
   233 | D:1      | Reached XP level 2. HP: 14/19 MP: 3/3
   597 | D:2      | Reached XP level 3. HP: 21/24 MP: 4/4
   955 | D:4      | Noticed an ogre
   959 | D:4      | Killed an ogre
   959 | D:4      | Reached XP level 4. HP: 29/29 MP: 6/6
   959 | D:4      | Reached XP level 5. HP: 34/34 MP: 7/7
  1035 | D:4      | Found a white marble altar of Elyvilon.
  1067 | D:4      | Reached skill level 4 in Dodging
  1752 | D:5      | Entered Level 5 of the Dungeon
  1844 | D:5      | Noticed a sky beast
  1864 | D:5      | Reached XP level 6. HP: 19/39 MP: 9/9
  2468 | D:5      | Reached skill level 5 in Short Blades
  2481 | D:5      | Killed a sky beast
  2481 | D:5      | Reached XP level 7. HP: 42/44 MP: 10/10
  2931 | D:6      | Reached skill level 6 in Short Blades
  2931 | D:6      | Reached skill level 5 in Dodging
  3180 | D:6      | Reached XP level 8. HP: 51/51 MP: 12/12
  3242 | D:6      | Got a dazzling hand axe
  3243 | D:6      | Identified the +5,+8 hand axe of Analysis {drain, rElec rF-} (You found it on level 6 of the Dungeon)
  3887 | D:7      | Found a staircase to the Ecumenical Temple.
  3893 | Temple   | Entered the Ecumenical Temple
  4100 | Temple   | Became a worshipper of Fedhas Madash
  4619 | D:3      | Noticed a phantom
  4680 | D:3      | Reached skill level 7 in Short Blades
  5169 | D:3      | Killed a phantom
  5755 | D:7      | Found a bloodstained altar of Trog.
  5776 | D:7      | Acquired Fedhas' first power
  5946 | D:7      | Paralysed by a potion of paralysis for 4 turns
  5952 | D:7      | Gained mutation: Your muscles are strong. (Str +2) [potion of mutation]
  5952 | D:7      | Gained mutation: You are dopey. (Int -2) [potion of mutation]
  5952 | D:7      | Gained mutation: You are partially covered in icy blue scales (AC +1). [potion of mutation]
  5955 | D:7      | Paralysed by a potion of paralysis for 4 turns
  6102 | D:7      | Reached XP level 9. HP: 46/53 MP: 13/15
  6113 | D:7      | Reached skill level 8 in Short Blades
  6809 | D:8      | Reached skill level 5 in Stealth
  6809 | D:8      | Reached skill level 1 in Invocations
  7734 | D:9      | Reached skill level 5 in Evocations
  8276 | D:10     | Entered Level 10 of the Dungeon
  8592 | D:10     | Noticed a hill giant
  8603 | D:10     | Killed a hill giant
  8603 | D:10     | Reached skill level 9 in Short Blades
  8603 | D:10     | Reached XP level 10. HP: 61/61 MP: 18/18
  8604 | D:10     | Acquired Fedhas' second power
  8641 | D:10     | Noticed a hill giant
  8650 | D:10     | Killed a hill giant
  8813 | D:10     | Noticed a hill giant
  8829 | D:10     | Killed a hill giant
  8829 | D:10     | Reached skill level 5 in Fighting
  8980 | D:10     | Found a flagged portal.
  9035 | Bailey   | Entered a bailey
  9737 | Bailey   | Got an ichor-stained bardiche
  9740 | Bailey   | Found a roughly hewn altar of Beogh.
  9740 | Bailey   | Noticed an orc knight
  9742 | Bailey   | Killed an orc knight
  9742 | Bailey   | Reached skill level 10 in Short Blades
 10178 | D:11     | Noticed a four-headed hydra
 10187 | D:11     | Killed a four-headed hydra
 10187 | D:11     | Reached skill level 1 in Shields
 10187 | D:11     | Reached XP level 11. HP: 65/67 MP: 21/21
 10410 | D:11     | Acquired Fedhas' third power
 10471 | D:11     | Noticed an unseen horror
 10480 | D:11     | Killed an unseen horror
 10728 | D:11     | Found a staircase to the Orcish Mines.
 11108 | D:11     | Reached skill level 5 in Invocations
 12686 | D:12     | Reached skill level 11 in Short Blades
 13222 | D:12     | Gained mutation: You are very dopey. (Int -4) [mutagenic meat]
 13223 | D:12     | Gained mutation: You occasionally shout uncontrollably. [mutagenic meat]
 13224 | D:12     | Gained mutation: You passively map a small area around you. [mutagenic meat]
 13225 | D:12     | Lost mutation: You passively map a small area around you. [mutagenic meat]
 13475 | D:13     | Reached XP level 12. HP: 63/74 MP: 23/23
 13543 | D:13     | Found a staircase to the Lair.
 13582 | D:13     | Noticed a vault guard
 13669 | D:13     | Killed a vault guard
 13746 | D:13     | Found a portal to a secret trove of treasure.
 13999 | D:13     | Paralysed by a potion of paralysis for 6 turns
 14232 | D:13     | Noticed Chiseanne's ghost (powerful GrMo)
 14295 | D:13     | Killed Chiseanne's ghost
 14366 | D:13     | HP: 3/78 [water elemental (20)]
 14661 | Lair:1   | Entered Level 1 of the Lair of Beasts
 14749 | Lair:1   | Reached skill level 5 in Shields
 14757 | Lair:1   | Noticed Joseph
 14769 | Lair:1   | Killed Joseph
 14810 | Lair:1   | Reached skill level 10 in Stealth
 14865 | Lair:1   | Acquired Fedhas' fourth power
 15514 | Lair:1   | Reached skill level 1 in Slings
 15518 | Lair:1   | Identified a scroll of acquirement
 15519 | Lair:1   | Got a heavily runed shield
 15531 | Lair:1   | Identified the +3 shield "Wiwkuf" {SInv} (You acquired it on level 1 of the Lair of Beasts)
 15824 | Lair:2   | Acquired Fedhas' fifth power
 16538 | Lair:3   | Found a staircase to the Snake Pit.
 17140 | Lair:3   | Lost mutation: You are very dopey. (Int -4) [potion of cure mutation]
 17140 | Lair:3   | Lost mutation: You are dopey. (Int -2) [potion of cure mutation]
 17140 | Lair:3   | Lost mutation: Your muscles are strong. (Str +2) [potion of cure mutation]
 17331 | Lair:3   | Noticed Nergalle
 17363 | Lair:3   | Killed Nergalle
 17925 | Lair:4   | Found a staircase to the Swamp.
 17955 | Lair:4   | Reached XP level 13. HP: 49/84 MP: 25/25
 19112 | Lair:5   | Identified a +1 rod of warding (10/10) (You found it on level 5 of the Lair of Beasts)
 19770 | Lair:6   | Learned a level 2 spell: Swiftness
 19954 | Lair:6   | Found a staircase to the Slime Pits.
 19955 | Lair:6   | Found a viscous altar of Jiyva.
 20228 | Lair:6   | Noticed Rupert
 20272 | Lair:6   | Killed Rupert
 20272 | Lair:6   | Reached skill level 1 in Charms
 20499 | Lair:7   | Reached skill level 10 in Shields
 20671 | Lair:7   | Reached skill level 10 in Dodging
 21296 | Lair:7   | Reached skill level 10 in Evocations
 21543 | Lair:8   | Entered Level 8 of the Lair of Beasts
 22127 | Lair:8   | Reached XP level 14. HP: 91/91 MP: 27/27
 22145 | Lair:8   | ZoFy: Oh, it's so nice to be able to fo through plants in this vault.
 22145 | Lair:8   | M4edhros: hi there
 22145 | Lair:8   | M4edhros: yes, it is
 22145 | Lair:8   | ZoFy: Otherwise everyone wakes up. Hello.
 22195 | Lair:8   | Reached skill level 5 in Slings
 22321 | Lair:8   | Reached skill level 12 in Stealth
 23485 | Lair:8   | Got a crude buckler
 23516 | Lair:8   | M4edhros: orange statue
 23516 | Lair:8   | M4edhros: holds other stash
 23516 | Lair:8   | M4edhros: no disintegration though
 23806 | D:13     | Gained mutation: One of your tentacles bears a spike. [potion of beneficial mutation]
 23807 | D:13     | M4edhros: not sure if sohuld drink one of those curemut potions
 23807 | D:13     | M4edhros: to get rid of 1shout bad mut
 23807 | D:13     | M4edhros: im gonna get mutated much more later on
 23807 | D:13     | M4edhros: so maybe ill save that
 24172 | Orc:1    | Entered Level 1 of the Orcish Mines
 24172 | Orc:1    | Found Mnagh's Book Boutique.
 24176 | Orc:1    | Bought a book of Battle for 440 gold pieces
 24181 | Orc:1    | Learned a level 3 spell: Regeneration
 24181 | Orc:1    | Found Udwesiow's Antique Weapon Shoppe.
 25205 | Orc:4    | Entered Level 4 of the Orcish Mines
 25269 | Orc:4    | Found Jing's Antique Weapon Shoppe.
 25284 | Orc:4    | Found Meimoi's Antique Armour Shoppe.
 25342 | Orc:4    | Bought an embroidered cap for 65 gold pieces
 25485 | Orc:4    | Found Cialumna's Antique Armour Emporium.
 25524 | Orc:4    | Found Jaazaan's Magic Scroll Shop.
 25680 | Orc:4    | Noticed an orc warlord
 26091 | Orc:4    | Reached skill level 1 in Spellcasting
 26230 | Orc:4    | ZoFy: Well, i saw you stabbing things, so i'd assume you REALLY don't want shoutitis.
 26230 | Orc:4    | M4edhros: unfortunately those oklob plants are buggy
 26230 | Orc:4    | M4edhros: yeah, but im not stabber till end of game
 26230 | Orc:4    | M4edhros: im catching some spells
 26230 | Orc:4    | M4edhros: its better to remove hunger later on or teleportitis
 26952 | Orc:4    | Killed an orc warlord
 27064 | Orc:4    | Reached XP level 15. HP: 95/97 MP: 27/29
 27119 | Orc:4    | Found Estrewk's Antique Armour Shoppe.
 27120 | Orc:4    | Found Uhiuh's Antique Weapon Emporium.
 27121 | Orc:4    | Found Shruggaucs' General Store.
 27121 | Orc:4    | Found Saazxud's Book Shoppe.
 27125 | Orc:4    | Bought a scroll of identify for 26 gold pieces
 27137 | Orc:4    | M4edhros: since long
 27137 | Orc:4    | M4edhros: i didnt have good item in orcish
 27137 | Orc:4    | Bought a faintly glowing short sword for 254 gold pieces
 27138 | Orc:4    | Identified the +6,+1 short sword of Gallantry {speed, rC+ Str-1 Dex+2} (You bought it in a shop on level 4 of the Orcish Mines)
 27156 | Orc:4    | ZoFy: books are not bad, i guess
 27156 | Orc:4    | M4edhros: i need some jewelry
 27156 | Orc:4    | M4edhros: air or earth
 27156 | Orc:4    | M4edhros: statue form or airstriking from afar
 27156 | Orc:4    | ZoFy: airstrike is sooooo weak
 27156 | Orc:4    | M4edhros: and conjure balllightning?
 27156 | Orc:4    | M4edhros: is it not worth it?
 27156 | Orc:4    | ZoFy: imagine lightning bolts exploding on your oklobs
 27156 | Orc:4    | ZoFy: *balls
 27156 | Orc:4    | ZoFy: Good ol' iron shot is more reliable than that.
 27156 | Orc:4    | Bought a book of the Earth for 845 gold pieces
 27162 | Orc:4    | Learned a level 4 spell: Dig
 27554 | Orc:3    | Noticed Psyche
 27682 | Orc:3    | Killed Psyche
 27682 | Orc:3    | Reached skill level 13 in Stealth
 27824 | Orc:1    | Found Smes' Book Boutique.
 27885 | Orc:1    | Found Bralug's Book Emporium.
 27889 | Orc:1    | Bought a book of Minor Magic for 200 gold pieces
 27894 | Orc:1    | Learned a level 3 spell: Mephitic Cloud
 27898 | Orc:1    | Learned a level 3 spell: Conjure Flame
 28011 | Orc:1    | Found Baoff's Antique Armour Emporium.
 28342 | Orc:1    | Reached skill level 5 in Charms
 28973 | Orc:3    | Found a staircase to the Elven Halls.
 29542 | Swamp:1  | Entered Level 1 of the Swamp
 29560 | Swamp:1  | Reached skill level 1 in Earth Magic
 30282 | Swamp:2  | Noticed Snorg
 30291 | Swamp:2  | Killed Snorg
 30508 | Swamp:2  | Reached skill level 1 in Conjurations
 30580 | Swamp:2  | Noticed Agnes
 30589 | Swamp:2  | Killed Agnes
 31453 | Swamp:3  | Noticed Donald
 31465 | Swamp:3  | Killed Donald
 31750 | Swamp:3  | Identified the cursed -3 buckler of Shytz {Str-2 Int+4} (You found it on level 8 of the Lair of Beasts)
 31766 | Swamp:3  | Learned a level 3 spell: Recall
 32293 | Lair:8   | Got an ancient jade ring
 32295 | Lair:8   | Identified the ring of the Queen {+Fly Str+4 Dex+2} (You found it on level 8 of the Lair of Beasts)
 33270 | Swamp:4  | Reached skill level 10 in Invocations
 33857 | Swamp:5  | Entered Level 5 of the Swamp
 33892 | Swamp:5  | Reached XP level 16. HP: 40/103 MP: 22/30
 33897 | Swamp:5  | Noticed Mara
 34156 | Swamp:5  | Reached skill level 5 in Earth Magic
 34183 | Swamp:5  | Gained mutation: Your vision is a little blurry. [mutagenic meat]
 34184 | Swamp:5  | Gained mutation: You possess an exceptional clarity of mind. [mutagenic meat]
 34234 | Swamp:5  | Gained mutation: Your muscles are strong. (Str +2) [potion of beneficial mutation]
 34465 | Swamp:5  | Noticed Aizul
 34485 | Swamp:5  | Killed Aizul
 34538 | Swamp:5  | Got a decaying rune of Zot
 34634 | Swamp:5  | Gained mutation: You digest meat inefficiently. [mutagenic glow]
 34950 | D:13     | Lost mutation: You digest meat inefficiently. [potion of cure mutation]
 34950 | D:13     | Lost mutation: One of your tentacles bears a spike. [potion of cure mutation]
 34950 | D:13     | Lost mutation: Your muscles are strong. (Str +2) [potion of cure mutation]
 34951 | D:13     | Lost mutation: You occasionally shout uncontrollably. [potion of cure mutation]
 34951 | D:13     | Lost mutation: Your vision is a little blurry. [potion of cure mutation]
 34951 | D:13     | Lost mutation: You possess an exceptional clarity of mind. [potion of cure mutation]
 35040 | Snake:1  | Entered Level 1 of the Snake Pit
 35043 | Snake:1  | Reached skill level 14 in Stealth
 35451 | Snake:1  | Noticed KilgoreWolfe's ghost (powerful GrBe)
 35494 | Snake:1  | Killed KilgoreWolfe's ghost
 38391 | Snake:4  | Noticed Kirke
 38451 | Snake:4  | Killed Kirke
 38492 | Snake:4  | Found Iraaf's Jewellery Shop.
 38583 | Snake:4  | Noticed Louise
 38591 | Snake:4  | Killed Louise
 38618 | Snake:4  | Learned a level 5 spell: Ignite Poison
 38863 | Snake:4  | Noticed Azrael
 38896 | Snake:4  | Killed Azrael
 39043 | Snake:5  | Entered Level 5 of the Snake Pit
 39077 | Snake:5  | Reached skill level 1 in Transmutations
 39356 | Snake:5  | Noticed Mennas
 39430 | Snake:5  | Reached skill level 5 in Spellcasting
 39584 | Snake:5  | Reached skill level 5 in Conjurations
 39858 | Snake:5  | Reached XP level 17. HP: 108/108 MP: 31/31
 40307 | Snake:5  | Noticed Xtahua
 40347 | Snake:5  | Killed Xtahua
 40737 | Snake:5  | Killed Mennas
 41529 | Snake:5  | Gained mutation: You are clumsy. (Dex -2) [mutagenic glow]
 42068 | Snake:5  | Gained mutation: Your flesh is heat resistant. [mutagenic meat]
 42175 | Snake:5  | Gained mutation: Your vision is a little blurry. [mutagenic meat]
 42176 | Snake:5  | Lost mutation: Your vision is a little blurry. [mutagenic meat]
 42671 | Snake:5  | Reached skill level 5 in Transmutations
 42845 | Snake:5  | Got a serpentine rune of Zot
 43399 | Trove    | Entered a treasure trove
 43431 | Trove    | Identified Sif Muna's Tome of Self-Knowledge
 43434 | Trove    | Identified Sif Muna's Guide on the Rocks and Moulding
 43460 | Trove    | Identified the Grimoire of Execration and Cold
 43473 | Trove    | Identified Sif Muna's Reference Book on Damage Dealing
 43489 | Trove    | Learned a level 3 spell: Stone Arrow
 43578 | D:13     | Identified the +0,+1 bardiche "Oxurch" {vamp, +Inv Int-3} (You found it in a bailey)
 43706 | D:14     | Entered Level 14 of the Dungeon
 43792 | D:14     | Got a polished cap
 43793 | D:14     | Identified the -7 cap of Temperance {+Inv rN+ SInv} (You acquired it on level 14 of the Dungeon)
 43875 | D:14     | Noticed Harold
 43988 | D:14     | Killed Harold
 44695 | Elf:1    | Entered Level 1 of the Elven Halls
 44835 | Elf:1    | Found Nuteky's Jewellery Boutique.
 45646 | Elf:2    | Noticed Fannar
 45657 | Elf:2    | Killed Fannar
 45676 | Elf:2    | Found Haeffaq's Elven Fire.
 45681 | Elf:2    | Cast into the Abyss (deep elf demonologist)
 45814 | Abyss:1  | Noticed a lich
 45973 | Abyss:1  | Reached XP level 18. HP: 115/115 MP: 29/32
 46031 | Elf:2    | Escaped the Abyss
 46102 | Elf:2    | Reached skill level 10 in Earth Magic
 46704 | Elf:2    | Reached skill level 15 in Shields
 46828 | Elf:3    | Entered Level 3 of the Elven Halls
 46940 | Elf:3    | Found a magical portal.
 46964 | WizLab   | Entered a wizard's laboratory
 47900 | WizLab   | HP: 3/115 [air elemental (12)]
 48312 | WizLab   | Identified Stemaawn's Handbook of Lethal Weightlessness
 48316 | WizLab   | Learned a level 2 spell: Repel Missiles
 48319 | WizLab   | Identified the Papyrus of Air and Attacks
 49024 | Elf:3    | Cast into the Abyss (deep elf sorcerer)
 49052 | Abyss:1  | Found a viscous altar of Jiyva.
 49237 | Abyss:1  | Gained mutation: You can translocate small distances at will. [potion of mutation]
 49237 | Abyss:1  | Gained mutation: You are partially covered in iridescent scales (AC +4). [potion of mutation]
 49697 | Abyss:1  | Found a corrupted altar of Lugonu.
 50322 | Elf:3    | Escaped the Abyss
 50626 | Elf:3    | Noticed Norris
 50843 | Elf:3    | Paralysed by Norris for 5 turns
 50853 | Elf:3    | Killed Norris
 50868 | Elf:3    | Noticed a Hell Sentinel
 50872 | Elf:3    | Noticed a Hell Sentinel
 50882 | Elf:3    | Noticed an Ice Fiend
 51831 | D:13     | Learned a level 6 spell: Statue Form
 51838 | D:13     | Learned a level 5 spell: Lee's Rapid Deconstruction
 52167 | Elf:3    | Reached XP level 19. HP: 89/120 MP: 19/32
 52202 | Elf:3    | Reached skill level 16 in Shields
 53406 | Elf:3    | Learned a level 2 spell: Stoneskin
 53433 | Elf:3    | Got a crude lead ring
 53434 | Elf:3    | Identified the ring of Peufiy {Str+3 Dex+1 SInv} (You found it on level 3 of the Elven Halls)
 53450 | Elf:3    | Got a pitted blowgun
 53492 | Elf:3    | Identified Aizul's Almanac of Cankerous Confrontation
 53505 | Elf:3    | Identified the Compendium of Transmutation (You found it on level 3 of the Elven Halls)
 53510 | Elf:3    | Identified the Papyrus of the Entourage
 53532 | Elf:3    | Got a wavering sapphire amulet
 53607 | Elf:3    | Identified the amulet "Utsism" {Cons Dex-4 Int+2} (You found it on level 3 of the Elven Halls)
 54578 | D:15     | Entered Level 15 of the Dungeon
 54708 | D:15     | Noticed Erica
 54726 | D:15     | Killed Erica
 55220 | D:15     | Lost mutation: You are partially covered in iridescent scales (AC +4). [potion of mutation]
 55916 | D:16     | Reached skill level 17 in Shields
 55935 | D:16     | Reached skill level 10 in Transmutations
 55951 | D:16     | Noticed Sonja
 55960 | D:16     | Killed Sonja
 56050 | D:16     | Noticed Josephine
 56061 | D:16     | Killed Josephine
 56696 | D:13     | Identified the +9 blowgun of Armageddon {speed, +Blink +Inv rElec} (You found it on level 3 of the Elven Halls)
 57269 | D:17     | Found a shattered altar of Ashenzari.
 57519 | D:17     | Found a staircase to the Vaults.
 57776 | D:18     | Reached XP level 20. HP: 84/126 MP: 34/34
 58487 | D:13     | Learned a level 6 spell: Iron Shot
 59626 | D:20     | Entered Level 20 of the Dungeon
 59675 | D:20     | Gained mutation: You are dopey. (Int -2) [mutagenic meat]
 60058 | D:20     | Identified a +0 rod of venom (13/13) (You found it on level 20 of the Dungeon)
 60080 | D:20     | Learned a level 1 spell: Apportation
 60087 | D:20     | Reached skill level 18 in Shields
 60173 | D:20     | Reached skill level 1 in Poison Magic
 60782 | D:21     | Noticed Margery
 60800 | D:21     | Killed Margery
 60822 | D:21     | Reached skill level 10 in Conjurations
 60940 | D:21     | Found a gateway to Hell.
 61940 | D:21     | Noticed a bone dragon
 61943 | D:21     | Killed a bone dragon
 61998 | D:21     | Gained mutation: You cover ground quickly. [mutagenic meat]
 62000 | D:21     | Gained mutation: Your flesh is very heat resistant. [mutagenic meat]
 62001 | D:21     | Gained mutation: Your vision is a little blurry. [mutagenic meat]
 62477 | D:22     | Noticed Saint Roka
 62489 | D:22     | Killed Saint Roka
 62677 | D:22     | Found Twuul's Distillery.
 62685 | D:22     | Bought a potion of mutation for 57 gold pieces
 62686 | D:22     | Lost mutation: You can translocate small distances at will. [potion of mutation]
 62686 | D:22     | Lost mutation: You are clumsy. (Dex -2) [potion of mutation]
 62772 | D:22     | Paralysed by a sphinx for 2 turns
 62792 | D:22     | Noticed Jory
 62816 | D:22     | Killed Jory
 62913 | D:22     | Noticed Boris
 63037 | D:22     | Killed Boris
 63037 | D:22     | Reached XP level 21. HP: 120/132 MP: 4/35
 63238 | D:22     | Found Uttonnia's Antique Weapon Emporium.
 63240 | D:22     | Noticed Wiglaf
 63290 | D:22     | Reached skill level 15 in Stealth
 63491 | D:22     | Found Kulimah's Gadget Emporium.
 63510 | D:22     | Killed Wiglaf
 63615 | D:22     | Found Kaofet's Magical Wand Emporium.
 63685 | D:22     | Found a one-way gate leading to the halls of Pandemonium.
 63691 | D:22     | Found Mifusoxt's Weapon Emporium.
 64220 | Elf:1    | Bought a +5,+6 ring of slaying for 2313 gold pieces
 65061 | D:23     | Gained mutation: You are agile. (Dex +2) [mutagenic meat]
 65062 | D:23     | Gained mutation: You are resistant to electric shocks. [mutagenic meat]
 65251 | D:23     | Reached skill level 5 in Poison Magic
 65320 | D:23     | Found a one-way gate to the infinite horrors of the Abyss.
 66687 | D:24     | Found a viscous altar of Jiyva.
 67113 | D:24     | Noticed Frederick
 67137 | D:24     | Killed Frederick
 67476 | D:24     | Reached skill level 10 in Spellcasting
 67558 | D:25     | Entered Level 25 of the Dungeon
 68465 | D:25     | Reached XP level 22. HP: 76/138 MP: 3/36
 68511 | D:25     | HP: 2/138 [fire giant/fireball (11)]
 68511 | D:25     | Killed from afar by a deep troll earth mage

Action                   |  1- 3 |  4- 6 |  7- 9 | 10-12 | 13-15 | 16-18 | 19-21 | 22-24 || total
-------------------------+-------+-------+-------+-------+-------+-------+-------+-------++-------
Melee: Short sword       |    52 |    60 |   305 |   602 |  1526 |  1651 |  1817 |     2 ||  6015
       Rod               |       |       |       |       |       |    12 |     1 |       ||    13
       Quick blade       |       |       |       |       |       |    13 |       |       ||    13
 Fire: Sling             |       |       |       |    17 |    46 |   156 |    24 |       ||   243
       Blowgun           |       |       |       |       |       |       |    15 |       ||    15
Throw: Stone             |       |       |       |       |       |     5 |       |       ||     5
 Cast: Regeneration      |       |       |       |       |    51 |   140 |   115 |     2 ||   308
       Swiftness         |       |       |       |       |     9 |    30 |    43 |       ||    82
       Mephitic Cloud    |       |       |       |       |     2 |     8 |    48 |       ||    58
       Conjure Flame     |       |       |       |       |       |    23 |    10 |       ||    33
       Dig               |       |       |       |       |       |     7 |       |       ||     7
       Recall            |       |       |       |       |       |     1 |     4 |       ||     5
       Stone Arrow       |       |       |       |       |       |    26 |     6 |       ||    32
       Lee's Rapid Decon |       |       |       |       |       |     3 |    38 |       ||    41
       Ignite Poison     |       |       |       |       |       |     2 |       |       ||     2
       Repel Missiles    |       |       |       |       |       |       |    37 |       ||    37
       Stoneskin         |       |       |       |       |       |       |    29 |       ||    29
       Statue Form       |       |       |       |       |       |       |     6 |       ||     6
       Iron Shot         |       |       |       |       |       |       |    23 |       ||    23
Invok: Evolution         |       |       |     4 |    17 |    34 |    47 |    22 |       ||   124
       Sunlight          |       |       |       |    30 |    28 |    15 |     6 |       ||    79
       Reproduction      |       |       |       |     1 |     4 |     2 |     1 |       ||     8
       Growth            |       |       |       |     1 |       |     7 |     1 |       ||     9
       Rain              |       |       |       |       |     2 |     7 |     2 |       ||    11
 Abil: Evoke Invisibilit |       |       |       |     9 |    34 |    13 |    16 |       ||    72
       Turn Visible      |       |       |       |     2 |     9 |     1 |     2 |       ||    14
       Evoke Teleport Co |       |       |       |       |     2 |    17 |       |       ||    19
       Evoke Berserk Rag |       |       |       |       |       |    21 |     8 |       ||    29
       Evoke Teleportati |       |       |       |       |       |     3 |       |       ||     3
       Stop Flying       |       |       |       |       |       |     7 |       |       ||     7
       Evoke Flight      |       |       |       |       |       |     7 |       |       ||     7
Evoke: Wand              |     9 |    12 |     9 |     4 |    31 |    34 |     2 |     1 ||   102
       Rod               |       |       |       |       |     5 |    42 |    54 |       ||   101
       Miscellaneous     |       |       |       |       |     1 |     7 |     5 |     1 ||    14
  Use: Potion            |       |     5 |     7 |     4 |     6 |    13 |    14 |       ||    49
       Scroll            |       |       |    22 |    12 |    14 |    32 |    14 |     1 ||    95
 Stab: Sleeping          |     2 |     2 |    21 |    57 |   107 |    90 |    84 |       ||   363
       Paralysed         |       |       |     2 |       |     3 |       |       |       ||     5
       Distracted        |       |       |     1 |     6 |    18 |    13 |    17 |       ||    55
       Confused          |       |       |     1 |     6 |    16 |    13 |    36 |       ||    72
       Invisible         |       |       |       |     6 |    76 |    32 |    60 |       ||   174
       Fleeing           |       |       |       |       |     1 |     1 |       |       ||     2
